 Dungeon Crawl Stone Soup version 0.30-a0-1094-g860fb061e7 (webtiles) character file.

Game seed: 4698219246272033321

78303 juan097 the Markstengu (level 15, -6/107 HPs)
             Began as a Tengu Hunter on Apr 17, 2023.
             Was the Champion of the Shining One.
             Mangled by a bunyip (17 damage)
             ... on level 1 of the Swamp.
             The game lasted 01:39:16 (27253 turns).

juan097 the Markstengu (Tengu Hunter)              Turns: 27253, Time: 01:39:16

Health: -6/107     AC: 22    Str: 13    XL:     15   Next: 59%
Magic:  30/33      EV: 23    Int: 10    God:    the Shining One [******]
Gold:   2566       SH:  0    Dex: 23    Spells: 14/14 levels left

rFire   x . .      SeeInvis .    b - +4 triple crossbow of Rubbish {freeze, rPois rCorr MP+9 Stlth-}
rCold   + . .      Faith    .    (shield currently unavailable)
rNeg    + + +      Spirit   .    S - +5 ring mail of Dial {rN+ Will+}
rPois   +          Reflect  .    X - +2 hat
rElec   .          Rampage  .    F - +1 cloak
rCorr   +                        e - +1 pair of gloves
Will    ++...                    (boots unavailable)
Stlth   +                        p - amulet of the acrobat
HPRegen 0.37/turn                u - +4 ring of protection {=R}
MPRegen 0.23/turn                Z - ring of ice

@: about to teleport, flying quickly and evasively, glowing, studying
Transmutations, quick
A: beak, talons 3, nimble flight, mutation resistance 1, robust 1
a: Renounce Religion, Divine Shield, Cleansing Flame, Summon Divine Warrior,
Brand Weapon With Holy Wrath


You were on level 1 of the Swamp.
You worshipped the Shining One.
The Shining One was exalted by your worship.
You visited 4 branches of the dungeon, and saw 23 of its levels.
You also visited: Ossuary.

You collected 2566 gold pieces.

Inventory:

Hand Weapons
 a - a +7 longbow of flaming
 b - the +4 triple crossbow of Rubbish (weapon) {freeze, rPois rCorr MP+9 Stlth-}
   (You took it off a centaur warrior on level 13 of the Dungeon)

   rPois:     It protects you from poison.
   MP:        It affects your magic capacity (+9).
   rCorr:     It protects you from acid and corrosion.
   Stlth:     It makes you less stealthy.
 t - a +3 heavy double sword
 w - a +2 dagger of venom
 B - a +1 scimitar of flaming
Missiles
 i - 4 curare-tipped darts
 q - 69 poisoned darts
 V - a throwing net
Armour
 e - a +1 pair of gloves (worn)
 s - a +1 ring mail of poison resistance
 F - a +1 cloak (worn)
 S - the +5 ring mail of Dial (worn) {rN+ Will+}
   (You found it on level 10 of the Dungeon)

   rN:        It protects you from negative energy.
   Will:      It increases your willpower.
 X - a +2 hat (worn)
Magical Staves
 m - the staff of air "Tovunozoph" {rElec Int+2}
   (You found it on level 8 of the Dungeon)

   [staff of air]

   Base accuracy: +5 Base damage: 5 Base attack delay: 1.2 This weapon's minimum
   attack delay (0.6) is reached at skill level 12.
   Int:       It affects your intelligence (+2).
   rElec:     It insulates you from electricity.
   It falls into the 'Staves' category.
   It is a one-handed weapon.
Jewellery
 j - a ring of fire
 p - an amulet of the acrobat (around neck)
 u - a +4 ring of protection (left hand) {=R}
 J - the ring of Spontaneous Combustion {Wiz Dex+5}
   (You found it on level 11 of the Dungeon)

   [ring of wizardry]

   It improves your spell success rate.
   Dex:       It affects your dexterity (+5).
 Z - a ring of ice (right hand)
Wands
 c - a wand of flame (29)
 x - a wand of paralysis (13)
 y - a wand of iceblast (9)
 Q - a wand of digging (8)
 T - a wand of mindburst (22)
Scrolls
 d - 3 scrolls of fog
 f - 4 scrolls of immolation
 g - 5 scrolls of amnesia
 l - a scroll of summoning
 n - 2 scrolls of silence
 A - a scroll of blinking
 C - a scroll of fear
 E - a scroll of brand weapon
 H - 5 scrolls of magic mapping
 I - 2 scrolls of vulnerability {unknown}
 L - 3 scrolls of teleportation
 R - a scroll of acquirement {unknown}
 U - 4 scrolls of poison {unknown}
Potions
 h - 5 potions of magic
 k - 2 potions of haste
 o - 6 potions of might
 r - 2 potions of heal wounds
 v - 2 potions of resistance
 z - a potion of curing
 D - 4 potions of lignification
 K - 2 potions of berserk rage
 M - 2 potions of mutation
 N - 2 potions of cancellation
 O - 4 potions of attraction
Miscellaneous
 Y - a box of beasts


   Skills:
 - Level 13.0 Fighting
 - Level 6.0 Short Blades
 + Level 15.1 Ranged Weapons
 - Level 4.0 Throwing
 - Level 8.0 Armour
 + Level 11.6 Dodging
 - Level 6.0 Stealth
 + Level 11.1 Invocations
 + Level 6.7 Evocations


You had 14 spell levels left.
You didn't know any spells.
Your spell library contained the following spells:

 Spells                   Type           Power      Damage    Failure   Level
 Apportation              Tloc           0%         N/A       58%         1
 Necrotise                Necr           0%         1d4       58%         1
 Summon Small Mammal      Summ           0%         N/A       58%         1
 Blink                    Tloc           0%         N/A       73%         2
 Scorch                   Fire           0%         2d5       73%         2
 Gell's Gravitas          Tloc           0%         N/A       91%         3
 Teleport Other           Tloc           0%         N/A       91%         3
 Volatile Blastmotes      Fire/Tloc      0%         2d10      91%         3
 Flame Wave               Conj/Fire      0%         2d4       100%        4
 Fulminant Prism          Conj/Hex       0%         3d5       100%        4
 Iskenderun's Mystic Bla  Conj/Tloc      0%         2d3       100%        4
 Leda's Liquefaction      Hex/Erth       0%         N/A       100%        4
 Manifold Assault         Tloc           0%         N/A       100%        4
 Lee's Rapid Deconstruct  Erth           0%         3d4*      100%        5
 Summon Forest            Summ/Tloc      0%         N/A       100%        5
 Summon Mana Viper        Hex/Summ       0%         N/A       100%        5
 Dispersal                Tloc           0%         N/A       100%        6
 Statue Form              Tmut/Erth      0%         N/A       100%        6
 Summon Cactus Giant      Summ           0%         N/A       100%        6
 Storm Form               Tmut/Air       0%         N/A       100%        7
 Chain Lightning          Conj/Air       0%         N/A       100%        9
 Fire Storm               Conj/Fire      0%         5d1       100%        9
 Shatter                  Erth           0%         3d5*      100%        9


Dungeon Overview and Level Annotations

Branches:
Dungeon (15/15)            Temple (0/1) D:4            Lair (4/5) D:9
  Swamp (2/4) Lair:3       Spider (0/4) Lair:2          Orc (2/2) D:11
    Elf (0/3) Orc:2        Vaults (0/5) D:13        Ossuary (visited)
  Slime: Lair:4-5    Depths: D:15

Altars:
Dithmenos
Elyvilon
Hepliaklqana
Kikubaaqudgha
Makhleb
Ru
Trog
The Shining One

Shops:
D:11 [   Orc:2 [:*(

Annotations:
D:2 Jessica
D:6 2 transporters
D:15 Louise
Lair:2 lesbiats's ghost, journeyman TrFi
Lair:4 Rupert
Swamp:2 Frances


Innate Abilities, Weirdness & Mutations

You have a beak for a mouth.
You have claws for feet.
Your magical nature lets you fly swiftly and evasively.
You are somewhat resistant to further mutation.
You are robust. (+10% HP)


Message History

Aim: a bunyip (severely wounded, haloed, 85% to hit)
You shoot a bolt. The bolt hits the bunyip.
The bolt freezes the bunyip.
The bunyip is severely wounded.
A tyrant leech comes into view.
The spriggan rider hits you from afar with a +0 spear!!
* * * LOW HITPOINT WARNING * * *
The spriggan rider barely misses you. The bunyip claws you!
* * * LOW HITPOINT WARNING * * *
The bunyip barely misses you. The bunyip closely misses you.
The spriggan rider completely misses you.
You fly upwards.
There is a stone staircase leading down, spattered with blood here.
You feel much better.
Throw: 5 darts (curare)
Press: ? - help, Shift-Dir - straight line, f - bunyip
Aim: a bunyip (severely wounded, haloed, 84% to hit)
You throw a curare-tipped dart. The curare-tipped dart hits the bunyip.
The bunyip is severely wounded.
Press: ? - help, v - describe, . - travel, g - get item
Here: a bunyip (severely wounded, haloed) Item here: a curare-tipped dart.
The floor.
Aiming: Paralyse
Press: ? - help, Shift-Dir - straight line, f/p - bunyip
Aim: a bunyip (severely wounded, haloed, chance to affect: 30%)
Okay, then.
Press: ? - help, v - describe, . - travel, g - get item
Here: a bunyip (severely wounded, haloed) Item here: a curare-tipped dart.
The floor.
The bunyip attacks as you move away! The bunyip barely misses you.
The bunyip claws you but does no damage. x2
You see here a wand of polymorph (12).
The bunyip howls a warning cry!
The bunyip howls a warning cry!
As you read the scroll of teleportation, it crumbles to dust.
You feel strangely unstable. The bunyip claws you!!
* * * LOW HITPOINT WARNING * * *
The bunyip claws you!
You die...

♣♣♣.~~~~~~...~~.....~~~~.....♣♣.♣
♣...~~~~~~..~.........~~~♣.♣♣♣♣♣♣
.....~~~..~...♣♣.....~~~~♣♣♣
.~~~♣.............~♣.~~~.♣
~~~.♣♣~.~~........~♣....♣♣
♣[.~~......~~~~.~~.~♣♣♣♣♣
♣..........~~.~~~.♣♣♣
.~...~~.~~...~~~.♣♣
♣..~♣♣♣♣♣♣♣♣♣♣♣x@♣♣♣♣
...§♣♣♣....♣♣♣♣.....♣
.~/.♣♣.~~~..♣♣..~~~.♣
.>x~♣♣.~~~.....~~~~.♣♣
.(.>§♣..~~~~~~~~~~...♣
♣....~.....~~~~~§~.♣♣♣
.§~..§..~~~~~~~...§♣ ♣♣♣
.~~~♣..~~~~~~~...§♣♣♣♣♣♣♣♣♣♣♣♣♣.~
~..♣♣♣..~~~~~....♣♣ ♣.....~♣♣~♣.~


You could see a bunyip.

Vanquished Creatures
  An orc warlord (Orc:1)
  An eleionoma (Swamp:1)
  Nessos (Lair:3)
  A shambling mangrove (Swamp:2)
  A yaktaur captain (D:13)
  Erolcha (D:11)
  2 centaur warriors
  2 ghost crabs (Swamp:1)
  4 hydras
  A death knight (D:14)
  8 alligators
  5 two-headed ogres
  5 boulder beetles
  Erica (D:9)
  A tengu warrior (D:14)
  6 orc high priests
  Urug (Orc:2)
  A deep troll (shapeshifter) (D:13)
  A skeletal warrior (D:13)
  A goliath frog (Swamp:1)
  A swamp dragon (Swamp:1)
  A deep elf pyromancer (D:14)
  8 orc knights
  An oklob plant (D:13)
  A will-o-the-wisp (Swamp:1)
  7 ugly things
  3 orc sorcerers (Orc:1)
  2 cyclopes
  2 manticores
  A guardian serpent (shapeshifter) (D:14)
  9 slime creatures (D:12)
  A torpor snail (Lair:3)
  2 unseen horrors (D:12)
  4 gargoyles
  A kobold demonologist (D:9)
  2 komodo dragons
  3 yaktaurs
  A rime drake (Lair:2)
  4 cane toads
  9 hornets
  2 polar bears (Lair:2)
  4 meliai
  10 trolls
  16 blink frogs
  A tarantella (shapeshifter) (D:14)
  Grinder (D:3)
  5 tyrant leeches
  6 dream sheep
  6 spriggans
  5 wraiths
  32 yaks
  5 wyverns
  A vampire (D:14)
  3 basilisks
  Grum (D:9)
  3 steam dragons
  5 vampire mosquitoes
  9 swamp worms
  2 acid dragons
  8 wargs
  Edmund (D:6)
  9 water moccasins
  30 orc warriors
  3 ice beasts
  4 swamp drakes
  7 black bears
  9 wolves
  A centaur (D:7)
  10 ogres
  2 phantoms
  8 kobold brigands
  9 bullfrogs
  8 gnoll sergeants
  3 scorpions
  3 water moccasin zombies (Ossuary)
  6 wights
  6 howler monkeys
  25 killer bees
  8 jellies
  2 hounds
  15 orc priests
  2 iguanas
  15 orc wizards
  2 mummies (Ossuary)
  12 gnolls
  11 adders
  3 shadow imps
  2 white imps (D:5)
  An ufetubus (D:4)
  5 adder zombies (Ossuary)
  3 worms
  4 dart slugs
  76 orcs
  12 ball pythons
  15 endoplasms
  5 giant cockroaches
  5 gnoll zombies (Ossuary)
  12 goblins
  12 hobgoblins
  A jackal (D:4)
  6 quokkas
  4 bats
  3 frilled lizards
  6 hobgoblin zombies (Ossuary)
  40 kobolds
  7 kobold skeletons (D:9)
  13 kobold zombies
  7 orc zombies (Ossuary)
  2 rats
688 creatures vanquished.

Vanquished Creatures (others)
  A spriggan (Swamp:1)
  A hornet (Swamp:1)
  An orc priest (Orc:2)
  4 foxfires (Swamp:1)
  22 fungi
  17 plants
46 creatures vanquished.

Grand Total: 734 creatures vanquished

Notes
Turn   | Place    | Note
-------+----------+-------------------------------------------
     0 | D:1      | juan097 the Tengu Hunter began the quest for the Orb.
     0 | D:1      | Reached XP level 1. HP: 12/12 MP: 2/2
   277 | D:1      | Reached XP level 2. HP: 17/17 MP: 3/3
   850 | D:1      | Found a faded altar of an unknown god.
   853 | D:1      | Prayed at the altar of an unknown god.
   853 | D:1      | Became a worshipper of the Shining One
   853 | D:1      | Reached * piety under the Shining One
   981 | D:2      | Reached skill level 5 in Ranged Weapons
   981 | D:2      | Reached XP level 3. HP: 21/21 MP: 4/4
   981 | D:2      | Found a hazy altar of Hepliaklqana.
  1209 | D:2      | Reached XP level 4. HP: 26/26 MP: 5/5
  1346 | D:2      | Noticed Jessica
  1759 | D:3      | Found a burning altar of Makhleb.
  1913 | D:3      | Gained mutation: Your magical nature lets you fly swiftly
                  | and evasively. [Tengu growth]
  1913 | D:3      | Reached XP level 5. HP: 30/30 MP: 6/6
  2278 | D:3      | Reached skill level 6 in Ranged Weapons
  2406 | D:4      | Reached ** piety under the Shining One
  2407 | D:4      | Reached XP level 6. HP: 16/35 MP: 7/7
  2724 | D:4      | Found a staircase to the Ecumenical Temple.
  2928 | D:4      | Reached skill level 7 in Ranged Weapons
  3075 | D:4      | Noticed Grinder
  3128 | D:5      | Entered Level 5 of the Dungeon
  3330 | D:3      | Paralysed by Grinder for 5 turns
  3337 | D:3      | Killed Grinder
  3338 | D:3      | Reached skill level 8 in Ranged Weapons
  3338 | D:3      | Reached skill level 1 in Armour
  3338 | D:3      | Reached XP level 7. HP: 31/40 MP: 8/8
  3612 | D:4      | Reached skill level 1 in Invocations
  3669 | D:4      | Reached XP level 8. HP: 48/48 MP: 10/10
  4578 | D:6      | Noticed Edmund
  4646 | D:6      | Reached skill level 5 in Fighting
  4723 | D:6      | Found a transporter.
  4949 | D:6      | Reached XP level 9. HP: 54/54 MP: 11/11
  4964 | D:6      | Killed Edmund
  4965 | D:6      | Reached skill level 9 in Ranged Weapons
  4965 | D:6      | Reached skill level 1 in Throwing
  4965 | D:6      | Reached skill level 5 in Dodging
  4965 | D:6      | Reached skill level 1 in Evocations
  4993 | D:6      | Found a transporter.
  5075 | D:6      | Reached *** piety under the Shining One
  5244 | D:6      | Found a white marble altar of Elyvilon.
  5253 | D:6      | Found a shadowy altar of Dithmenos.
  5867 | D:7      | Found a sand-covered staircase.
  5937 | Ossuary  | Entered an ossuary
  6018 | Ossuary  | Reached **** piety under the Shining One
  6112 | Ossuary  | Reached ***** piety under the Shining One
  7099 | D:7      | Reached skill level 1 in Short Blades
  7195 | D:8      | Identified the staff of air "Tovunozoph" {rElec Int+2}
  7279 | D:7      | Noticed a two-headed ogre
  7415 | D:7      | Killed a two-headed ogre
  7416 | D:7      | Reached skill level 10 in Ranged Weapons
  7416 | D:7      | Reached XP level 10. HP: 60/60 MP: 14/14
  7487 | D:7      | Noticed a red ugly thing
  7500 | D:7      | Noticed a white ugly thing
  7500 | D:7      | Noticed a two-headed ogre
  7524 | D:7      | Killed a red ugly thing
  7699 | D:7      | Killed a two-headed ogre
  8432 | D:9      | Noticed Erica
  8450 | D:9      | Killed Erica
  8716 | D:9      | Reached skill level 5 in Invocations
  8716 | D:9      | Reached XP level 11. HP: 53/66 MP: 15/15
  9016 | D:9      | Found an ancient bone altar of Kikubaaqudgha.
  9205 | D:9      | Found a sacrificial altar of Ru.
  9218 | D:9      | Noticed a two-headed ogre
  9518 | D:9      | Found a staircase to the Lair.
  9615 | D:9      | Reached skill level 11 in Ranged Weapons
  9795 | D:9      | Noticed a two-headed ogre
  9814 | D:9      | Killed a two-headed ogre
  9943 | D:9      | Noticed a two-headed ogre
 10102 | D:9      | Killed a two-headed ogre
 10106 | D:9      | Noticed Grum
 10149 | D:9      | Killed Grum
 10373 | D:10     | Entered Level 10 of the Dungeon
 10553 | D:9      | Reached skill level 12 in Ranged Weapons
 11134 | D:10     | Identified the +5 ring mail of Dial {rN+ Will+}
 11548 | D:7      | Reached ****** piety under the Shining One
 11591 | D:7      | Reached XP level 12. HP: 59/74 MP: 17/17
 12267 | Lair:1   | Entered Level 1 of the Lair of Beasts
 12280 | D:9      | Reached skill level 5 in Armour
 12284 | D:9      | Reached skill level 5 in Stealth
 13580 | Lair:1   | You are sucked into a shaft and drop 1 floor!
 15244 | Lair:2   | Identified the +3 plate armour of the Growing Gods {Int+5}
 15300 | Lair:2   | Found a runed translucent door.
 15306 | Lair:2   | Noticed lesbiats's ghost (journeyman TrFi)
 15377 | Lair:2   | Found a hole to the Spider Nest.
 16051 | Lair:3   | Reached skill level 10 in Dodging
 16162 | Lair:2   | Reached skill level 10 in Fighting
 16168 | Lair:2   | Reached XP level 13. HP: 43/82 MP: 20/20
 16410 | Lair:3   | Noticed Nessos
 16437 | Lair:3   | Killed Nessos
 16732 | Lair:3   | Reached skill level 5 in Short Blades
 16795 | Lair:3   | Found a staircase to the Swamp.
 17135 | Lair:4   | Noticed Rupert
 17981 | D:11     | Identified the ring of Spontaneous Combustion {Wiz Dex+5}
 18060 | D:11     | Found Rinkus's Antique Armour Shoppe.
 18174 | D:11     | Found a staircase to the Orcish Mines.
 18671 | Orc:1    | Entered Level 1 of the Orcish Mines
 18671 | Orc:1    | Noticed Erolcha
 18685 | D:11     | Killed Erolcha
 19381 | D:12     | Reached skill level 13 in Ranged Weapons
 19764 | D:13     | Identified the +4 triple crossbow of Rubbish {freeze, rPois
                  | rCorr MP+9 Stlth-}
 20207 | D:13     | Noticed a yaktaur captain
 20371 | D:13     | Reached XP level 14. HP: 73/90 MP: 22/22
 20507 | D:13     | Found a gate to the Vaults.
 20724 | D:13     | Reached skill level 10 in Invocations
 20891 | D:13     | Found a bloodstained altar of Trog.
 21226 | D:14     | Reached skill level 14 in Ranged Weapons
 21977 | D:15     | Entered Level 15 of the Dungeon
 21977 | D:15     | Noticed Louise
 23663 | Orc:2    | Entered Level 2 of the Orcish Mines
 23663 | Orc:2    | Noticed an orc warlord
 23663 | Orc:2    | Found Ekasche's Antique Armour Emporium.
 23681 | Orc:1    | Gained mutation: You are clumsy. (Dex -2) [a neqoxec]
 23692 | Orc:1    | Gained mutation: You sometimes lose your temper in combat.
                  | [a neqoxec]
 23694 | Orc:1    | Reached skill level 5 in Evocations
 23822 | Orc:2    | Found Eklug's General Store.
 23974 | Orc:1    | Killed an orc warlord
 24078 | Orc:2    | Noticed Urug
 24086 | Orc:2    | Killed Urug
 24427 | Orc:2    | Found a staircase to the Elven Halls.
 24427 | Orc:2    | Found Loukk's Antique Weapon Boutique.
 24596 | Orc:2    | Reached XP level 15. HP: 97/97 MP: 23/23
 24681 | Orc:2    | Found Qifuh's Book Emporium.
 25126 | Lair:1   | Lost mutation: You sometimes lose your temper in combat.
                  | [potion of mutation]
 25126 | Lair:1   | Lost mutation: You are clumsy. (Dex -2) [potion of
                  | mutation]
 25126 | Lair:1   | Gained mutation: You are robust. (+10% HP) [potion of
                  | mutation]
 25126 | Lair:1   | Gained mutation: You are somewhat resistant to further
                  | mutation. [potion of mutation]
 25175 | Swamp:1  | Entered Level 1 of the Swamp
 26048 | Swamp:2  | Paralysed by a hornet for 2 turns
 26858 | Swamp:1  | Reached skill level 15 in Ranged Weapons
 26951 | Swamp:2  | Noticed Frances
 27253 | Swamp:1  | Mangled by a bunyip

Illustrated notes

Levels and vault maps discovered:
D:1:      minmay_arrival_stair_chambers, layout_loops_corners,
          shapermc_ecumenical_altar_mp_vishouse
D:2:      kb_forest_paths, layout_basic, basic_altar, uniq_jessica
D:3:      layout_rooms, mainiacjoe_overflow_concentric_impassable
D:4:      minmay_polygon_palace, layout_basic, minmay_temple_entry_sparse_star,
          uniq_grinder
D:5:      layout_basic
D:6:      layout_cave_pools, mainiacjoe_overflow_swirl, gammafunk_ghost_smash,
          kennysheep_generic_room_14, uniq_edmund
D:7:      minmay_klotski, layout_basic, lightli_ossuary_entry_decrepit_ruins
D:8:      layout_basic
D:9:      wander_kiku_kobolds, layout_cave_pods,
          mainiacjoe_overflow_small_starburst, minmay_lair_entry_grove,
          st_stairs_8, uniq_grum, uniq_erica
D:10:     layout_long_grid
D:11:     layout_loops_cross, kennysheep_orc_monster_closet_entryway,
          serial_shops, shop_statue, serial_co_window_serial,
          co_window_of_opportunity_a, co_window_corner_a, co_window_paths_a,
          co_window_paths_a, co_window_paths_b, co_window_corner_a,
          co_window_corner_b, co_window_of_opportunity_c, co_window_broadway_a,
          co_window_broadway_b, co_window_paths_d, glass_columns_c,
          glass_columns_c, glass_columns_c, glass_columns_b
D:12:     layout_basic, serial_curves, eino_curves_01, eino_curves_03
D:13:     lemuel_slime, layout_loops_ring, david_vaults_2, trog_hazing_becter
D:14:     layout_layer_cave, chequers_serial_rivers_micro_d
D:15:     grunt_enter_depths_giant_problem, layout_cave_pools,
          chequers_serial_rivers_small_a, serial_park, serial_park_tiny_1,
          serial_park_paths [serial_park_minivault_5x5_4], serial_park_tiny_2,
          serial_park_square1 [serial_park_minivault_5x5_2], serial_park_square3
          [serial_park_minivault_5x5_7], beargit_elvish_explorers, uniq_azrael,
          uniq_louise
Lair:1:   layout_cave_pods, infiniplex_staircase_pool_2
Lair:2:   layout_regular_city, hellmonk_spider_entry_not_the_bees,
          hellmonk_ghost_happy_afterlife, minivault_27,
          infiniplex_staircase_pool, grunt_megastairs_3
Lair:3:   layout_misc_corridors, minmay_swamp_entry_reptiles, uniq_nessos
Lair:4:   layout_cave_pods, st_stairs_13, small_statue_intersection,
          grunt_megastairs_5, uniq_rupert
Swamp:1:  layout_basic_swamp, evilmike_swamp_ruin_house_5
Swamp:2:  layout_basic_swamp, evilmike_swamp_ruin_house_6, uniq_frances
Orc:1:    nicolae_orc_accident_3, layout_diamond_mine, basic_altar,
          nicolae_orc_pool_cavern, nicolae_orc_sculptors_studio,
          guppyfry_orc_lava_fort, uniq_erolcha
Orc:2:    grunt_orc_gardens, layout_caves, grunt_orc_garden, grunt_orc_garden,
          grunt_orc_garden, grunt_orc_garden, basic_altar, uniq_urug

Skill      XL: |  1  2  3  4  5  6  7  8  9 10 11 12 13 14 15 |
---------------+----------------------------------------------+-----
Stealth        | 2 3 4 6 |  6.0
Ranged Weapons | 5 6 8 10 12 13 14 15 | 15.1
Armour         | 1 2 4 6 7 8 |  8.0
Dodging        | 3 4 6 7 8 10 11 | 11.6
Fighting       | 3 5 6 8 10 11 12 13 | 13.0
Invocations    | 2 4 5 6 8 9 10 11 | 11.1
Throwing       | 2 3 4 |  4.0
Evocations     | 4 5 6 |  6.7
Short Blades   | 4 6 |  6.0

Action                     |  1- 3 |  4- 6 |  7- 9 | 10-12 | 13-15 || total
---------------------------+-------+-------+-------+-------+-------++-------
  Melee: Dire flail        |       |       |     7 |       |       ||     7
         Kick              |       |       |     4 |    99 |    17 ||   120
         Peck              |       |       |     3 |    63 |    10 ||    76
         Dagger            |       |       |       |   200 |    24 ||   224
         Punch             |       |       |       |     6 |     3 ||     9
         Scimitar          |       |       |       |       |     6 ||     6
   Fire: Shortbow          |    89 |   190 |   506 |   877 |    25 ||  1687
         Longbow           |       |       |       |       |   850 ||   850
         Triple crossbow   |       |       |       |       |    27 ||    27
  Throw: Dart              |       |       |     5 |    10 |    11 ||    26
 Invoke: Divine Shield     |       |       |       |     2 |     3 ||     5
         Cleansing Flame   |       |       |       |     1 |     1 ||     2
  Evoke: Wand              |       |       |     2 |     3 |    10 ||    15
    Use: Potion            |     1 |       |       |     3 |    11 ||    15
         Scroll            |       |       |    10 |     7 |    22 ||    39
 Armour: Leather armour    |     8 |    21 |    88 |   107 |       ||   224
         Ring mail         |       |       |       |    99 |   142 ||   241
  Dodge: Dodged            |    22 |    34 |   185 |   834 |   548 ||  1623
  Block: Other             |       |       |       |    24 |    22 ||    46

Table legend: (Time is in decaauts)
 A = Elapsed time spent in this place.
 B = Non-inter-level travel time spent in this place.
 C = Inter-level travel time spent in this place.
 D = Time resting spent in this place.
 E = Time spent auto-exploring this place.
 F = Levels seen in this place.
 G = Mean time per level.
                   A        B        C        D        E       F      G
               +--------+--------+--------+--------+--------+-----+--------+
         Total |  25939 |  24076 |   1863 |    546 |  17624 |  24 | 1080.8 |
       Dungeon |  17140 |  15862 |   1278 |    120 |  11832 |  15 | 1142.7 |
          Lair |   4771 |   4432 |    339 |    357 |   3135 |   4 | 1192.8 |
         Swamp |   1990 |   1854 |    136 |     69 |   1343 |   2 |  995.0 |
  Orcish Mines |   1804 |   1697 |    107 |      0 |   1232 |   2 |  902.0 |
       Ossuary |    232 |    232 |      0 |      0 |     80 |   1 |  232.0 |
               +--------+--------+--------+--------+--------+-----+--------+

Top non-repeatable levels by time:
     D:9: 2264 daAuts
    D:11: 2191 daAuts
     D:7: 2102 daAuts
  Lair:2: 1762 daAuts
  Lair:1: 1753 daAuts
 Swamp:1: 1572 daAuts
     D:4: 1393 daAuts
   Orc:1: 1137 daAuts
    D:12: 1082 daAuts
    D:13: 1064 daAuts
  Lair:3: 1056 daAuts
    D:10: 1036 daAuts
     D:1: 1003 daAuts
     D:8: 992 daAuts
     D:6: 926 daAuts
